 Dungeon Crawl Stone Soup version 0.27.0-1-g7a089689b8 (webtiles) character file.

Game seed: 7906205950465468361

16 UnknownFire the Skirmisher (level 2, -3/19 HPs)
             Began as a Gargoyle Berserker on Aug 10, 2021.
             Was a Follower of Trog.
             Frozen to death by an endoplasm (5 damage)
             ... on level 1 of the Dungeon.
             The game lasted 00:00:29 (319 turns).

UnknownFire the Skirmisher (Gargoyle Berserker)      Turns: 319, Time: 00:00:30

Health: -3/19      AC:  6    Str: 20    XL:     2   Next: 58%
Magic:  2/2        EV:  8    Int:  7    God:    Trog [*.....]
Gold:   25         SH:  0    Dex:  9    Spells: 1/1 levels left

rFire    . . .     SeeInvis .   a - +0 mace
rCold    . . .     Faith    .   (no shield)
rNeg     + . .     Spirit   .   c - +0 leather armour
rPois    ∞         Reflect  .   (no helmet)
rElec    +         Harm     .   (no cloak)
rCorr    .         Rampage  .   (no gloves)
Will     .....                  (no boots)
Stlth    +.........             (no amulet)
HPRegen  0.06/turn              (no ring)
MPRegen  0.08/turn              (no ring)

@: constricted
A: sickness immunity, AC +2, negative energy resistance 1, electricity
resistance, torment resistance 1, petrification resistance
a: Renounce Religion, Berserk


You were on level 1 of the Dungeon.
You worshipped Trog.
Trog was aware of your devotion.
You visited 1 branch of the dungeon, and saw 1 of its levels.

You collected 25 gold pieces.

Inventory:

Hand Weapons
 a - a +0 mace (weapon)
Armour
 b - a +0 animal skin
 c - a +0 leather armour (worn)
Scrolls
 d - a scroll of teleportation {unknown}


   Skills:
 + Level 3.5 Fighting
 + Level 3.4 Maces & Flails
 + Level 2.3 Armour
 + Level 1.6 Dodging
 + Level 0.1 Stealth


You had one spell level left.
You didn't know any spells.
Your spell library was empty.

Dungeon Overview and Level Annotations

Branches:
Dungeon (1/15)

Altars:


Innate Abilities, Weirdness & Mutations

You are immune to sickness and miasma.
Your stone body is resilient. (AC +2)
You are immune to poison.
You resist negative energy. (rN+)
You are resistant to electric shocks. (rElec)
You are resistant to unholy torment.
You are immune to petrification.


Message History

The bat barely misses you. The endoplasm freezes you.
You are frozen.
The quokka struggles to get unstuck from the web.
The bat closely misses you. The bat hits you but does no damage.
The ball python barely misses you. The ball python closely misses you.
The endoplasm hits you.
The quokka pulls away from the web.
Found a whip.
You closely miss the ball python. The bat hits you but does no damage.
The ball python misses you. The ball python grabs you.
The ball python constricts you. The quokka closely misses you.
The endoplasm freezes you.
You are frozen.
The ball python barely misses you. The ball python constricts you.
You closely miss the ball python. The bat barely misses you.
The quokka bites you but does no damage.
The endoplasm freezes you.
You are frozen.
The ball python completely misses you. The ball python constricts you.
The quokka completely misses you. The endoplasm freezes you.
You are frozen.
* * * LOW HITPOINT WARNING * * *
You hit the endoplasm.
The endoplasm is heavily wounded.
The bat barely misses you.
The ball python bites you but does no damage.
The ball python constricts you. The quokka barely misses you.
The endoplasm closely misses you.
The ball python bites you but does no damage.
The ball python constricts you.
You hit the endoplasm.
The endoplasm is almost dead.
The bat hits you but does no damage.
The quokka bites you but does no damage.
The ball python closely misses you.
* * * LOW HITPOINT WARNING * * *
The ball python constricts you. The endoplasm freezes you.
You are frozen.
You die...

#######
#.....###############
####....................
..........########......
.........>..............
........#.########......
........#.# #......
##......#.# #......
#...bJ@^.# #......
#.....Sr.# #......
#........# #######
#.......... #...........
#......#......
#.######.#...) #. .#.###


You could see an endoplasm, a quokka, a bat and a ball python.

Vanquished Creatures
  2 ball pythons (D:1)
  2 endoplasms (D:1)
  2 goblins (D:1)
  A hobgoblin (D:1)
  3 jackals (D:1)
  2 kobolds (D:1)
  A rat (D:1)
13 creatures vanquished.

Notes
Turn   | Place    | Note
-------+----------+-------------------------------------------
     0 | D:1      | UnknownFire the Gargoyle Berserker began the quest for the
                  | Orb.
     0 | D:1      | Reached XP level 1. HP: 14/14 MP: 1/1
   123 | D:1      | Reached XP level 2. HP: 14/19 MP: 2/2
   309 | D:1      | Found a faded altar of an unknown god.
   319 | D:1      | Frozen to death by an endoplasm

Illustrated notes

Levels and vault maps discovered:
D:1:      dpeg_arrival_lava_temple_mockup, layout_basic,
          ebering_ecumenical_altar_webs

Action                   || total
-------------------------++-------
Melee: Mace              ||    28
Armor: Leather armour    ||    17
Dodge: Dodged            ||    27
